AoeStats
← cartofel22

Arena

509707515Analyzed
4v4 RM · 3d ago on Sep 27, 2026· 59m 50s· 8 players
Game mode
Random Map
Map size
Large (8 player)
Population
200
Speed
Normal
Resources
Standard
Victory
Conquest
Starting age
Dark Age
Ending age
Imperial Age
RankedLock teamsTeams togetherTeam positionsShared explorationLock speedFull tech treeHidden civsTurbo modeCheats
Victory
Defeat
🇵🇱 Teutons · Poland
496
+19
🇲🇽 Persians · Mexico
489
+19
🇷🇺 Slavs · Russia
450
+21
🇫🇷 Persians · France
399
+23
🇺🇸 Romans · United States
594
-22
🇨🇴 Bohemians · Colombia
561
-21
🇺🇸 Danes · United States
555
-20
🇺🇸 Byzantines · United States
529
-19
hugo.halle1
12:23 Feudal Age
12:46 Double-Bit Axe
14:19 Horse Collar
16:15 Gold Mining
21:08 Bloodlines
23:26 Castle Age
28:25 Bow Saw
28:53 Gold Shaft Mining
34:24 Scale Barding Armor
34:29 Forging
35:33 Chain Barding Armor
39:05 Imperial Age
37:30 Iron Casting
37:31 Husbandry
40:07 Plate Barding Armor
40:34 Blast Furnace
40:47 Caravan
44:47 Elite War Elephant
48:35 Padded Archer Armor
48:25 Fletching
cartofel22
2:34 Loom
12:26 Feudal Age
20:33 Castle Age
18:31 Stone Mining
18:34 Gold Mining
19:54 Horse Collar
20:03 Double-Bit Axe
23:16 Bow Saw
23:12 Heavy Plow
23:24 Caravan
25:04 Fervor
27:22 Coinage
30:17 Ironclad
31:37 Sanctity
31:18 Devotion
34:49 Imperial Age
34:14 Ballistics
34:16 Fortified Wall
34:50 Wheelbarrow
35:11 Heresy
36:01 Crenellations
36:04 Conscription
36:51 Chemistry
35:38 Arrowslits
37:54 Hand Cart
38:57 Town Watch
39:22 Siege Engineers
39:31 Forging
39:13 Fletching
39:55 Illumination
39:46 Block Printing
40:31 Town Patrol
40:16 Capped Ram
43:37 Hoardings
45:13 Elite Teutonic Knight
47:16 Onager
48:51 Banking
50:11 Two-Man Saw
49:44 Crop Rotation
49:22 Scale Mail Armor
49:23 Padded Archer Armor
51:22 Siege Onager
52:36 Bloodlines
54:36 Squires
53:57 Pikeman
54:54 Guilds
54:59 Masonry
54:40 Heated Shot
54:41 Guard Tower
55:31 Iron Casting
54:52 Bodkin Arrow
55:13 Leather Archer Armor
55:17 Halberdier
55:54 Sappers
58:14 Blast Furnace
57:32 Redemption
57:58 Theocracy
60:18 Chain Mail Armor
60:09 Scale Barding Armor
60:37 Ring Archer Armor
Sir Rubo
0:42 Loom
15:41 Feudal Age
20:32 Castle Age
18:34 Stone Mining
18:36 Gold Mining
18:34 Double-Bit Axe
22:22 Stone Shaft Mining
22:22 Gold Shaft Mining
27:00 Horse Collar
28:21 Caravan
29:19 Heavy Plow
29:33 Bow Saw
31:06 Forging
31:03 Scale Barding Armor
35:59 Imperial Age
35:59 Elite War Elephant
37:00 Conscription
37:18 Iron Casting
37:04 Chain Barding Armor
37:36 Wheelbarrow
38:06 Two-Man Saw
38:20 Murder Holes
38:38 Masonry
38:50 Ballistics
39:31 Chemistry
38:58 Husbandry
39:08 Bloodlines
40:38 Blast Furnace
41:46 Plate Barding Armor
43:16 Light Cavalry
44:18 Hussar
48:16 Cavalier
49:26 Savar
51:48 Scale Mail Armor
52:17 Man-at-Arms
52:43 Gambesons
52:58 Squires
52:44 Arson
55:09 Pikeman
55:09 Long Swordsman
58:52 Devotion
xLEOx
15:04 Feudal Age
20:40 Castle Age
18:33 Horse Collar
18:42 Double-Bit Axe
20:46 Wheelbarrow
23:11 Bow Saw
23:03 Heavy Plow
22:59 Gold Mining
23:03 Stone Mining
24:19 Gold Shaft Mining
25:42 Wheelbarrow
32:02 Imperial Age
29:49 Hand Cart
31:26 Hand Cart
35:03 Crop Rotation
35:39 Two-Man Saw
34:46 Scale Barding Armor
34:52 Forging
35:52 Chain Barding Armor
35:57 Conscription
35:00 Elite Boyar
36:48 Fortified Wall
36:51 Masonry
36:38 Guard Tower
36:43 Murder Holes
36:54 Siege Engineers
38:55 Chemistry
38:16 Ballistics
38:02 Squires
37:23 Pikeman
37:26 Elite Skirmisher
43:25 Caravan
43:32 Caravan
43:35 Heavy Scorpion
43:50 Halberdier
46:29 Plate Barding Armor
46:30 Iron Casting
47:25 Hoardings
49:28 Blast Furnace
Vegeta079042
11:22 Feudal Age
11:52 Loom
12:23 Double-Bit Axe
16:47 Horse Collar
17:13 Gold Mining
20:55 Castle Age
23:19 Bow Saw
23:35 Heavy Plow
24:25 Gold Shaft Mining
24:52 Wheelbarrow
26:46 Stone Mining
27:14 Caravan
27:45 Coinage
30:15 Ballistics
30:07 Fortified Wall
32:46 Imperial Age
36:40 Chemistry
37:00 Crop Rotation
36:07 Heavy Scorpion
38:12 Hand Cart
40:49 Conscription
40:36 Ballistas
40:54 Town Watch
41:48 Banking
41:32 Guilds
42:06 Town Patrol
45:59 Scale Barding Armor
46:05 Forging
45:56 Scale Mail Armor
45:35 Elite Centurion
46:37 Comitatenses
49:22 Onager
55:04 Chain Barding Armor
55:19 Iron Casting
55:00 Chain Mail Armor
56:24 Plate Barding Armor
58:29 Blast Furnace
Cy3747
captain.wally.pippins
0:30 Loom
11:10 Feudal Age
12:26 Wheelbarrow
11:39 Double-Bit Axe
11:36 Horse Collar
13:55 Stone Mining
14:46 Gold Mining
15:43 Town Watch
20:22 Arson
24:23 Forging
24:14 Scale Mail Armor
24:21 Scale Barding Armor
28:01 Castle Age
27:39 Fletching
27:50 Padded Archer Armor
27:22 Man-at-Arms
29:06 Caravan
29:36 Coinage
29:26 Hand Cart
29:25 Bow Saw
29:18 Heavy Plow
29:56 Gold Shaft Mining
29:59 Stone Shaft Mining
35:25 Hamask
35:52 Gambesons
36:10 Squires
36:19 Thumb Ring
35:38 Elite Skirmisher
36:20 Husbandry
36:30 Bloodlines
37:25 Light Cavalry
41:08 Iron Casting
40:49 Chain Mail Armor
40:32 Bodkin Arrow
40:52 Leather Archer Armor
44:31 Imperial Age
42:18 Murder Holes
42:44 Ballistics
42:36 Masonry
42:03 Pikeman
42:07 Long Swordsman
44:38 Elite Jomsviking
45:47 Conscription
47:44 Elite Varangian Guard
50:34 Banking
49:43 Cranequins
52:02 Blast Furnace
51:35 Plate Mail Armor
Caligula
0:33 Loom
11:15 Feudal Age
12:47 Wheelbarrow
11:57 Town Watch
13:07 Double-Bit Axe
21:42 Castle Age
22:43 Bow Saw
22:28 Horse Collar
23:07 Hand Cart
23:15 Heavy Plow
32:16 Imperial Age
29:54 Town Patrol
30:39 Fortified Wall
33:19 Chemistry
33:07 Murder Holes
34:34 Two-Man Saw
34:28 Caravan
37:34 Masonry
37:45 Bombard Tower
37:10 Pikeman
37:51 Squires
39:00 Guilds
39:20 Coinage
38:32 Elite Hussite Wagon
39:34 Conscription
39:46 Halberdier
42:02 Wagenburg Tactics
41:29 Sappers
43:07 Scale Barding Armor
43:03 Scale Mail Armor
43:13 Forging
42:54 Fletching
43:04 Padded Archer Armor
44:45 Banking
45:38 Hussite Reforms
46:21 Architecture
47:05 Chain Barding Armor
47:00 Chain Mail Armor
49:37 Plate Mail Armor
49:03 Bodkin Arrow
49:44 Iron Casting
49:24 Leather Archer Armor
55:08 Blast Furnace
57:52 Bracer
Connection lost

Rejoining the realm…

Still unreachable

The connection could not be restored.

Session expired

The server has moved on; the page needs a fresh start.